PBL
MIAMI BEACH MARLINS @ MADISON BREWERS
07/10/2044
 
TOP OF THE 1ST
Miami Beach Marlins batting - Pitching for Madison Brewers : RHP Josh Brakefield
Pitching: RHP Josh Brakefield
Batting: LHB Eric Bailey 0-0: Called Strike
0-1: Foul Ball, location: 2F
0-2: Ball
1-2: Ball
2-2: Fly out, F7 (Line Drive, 7, EV 90.6 MPH)
Batting: RHB Dale Young 0-0: Called Strike
0-1: Ball
1-1: Foul Ball, location: 2F
1-2: Ball
2-2: Ball
3-2: Base on Balls
Batting: RHB Tony Stedman 0-0: Ball
Dale Young steals 2nd base
1-0: SINGLE (Groundball, 6MD, EV 108.1 MPH)
Dale Young to third
Runner from 3rd tries for Home, SAFE, throw by CF to home
Batting: RHB Erik Coleman 0-0: Ball
1-0: Ball
2-0: Ball
3-0: Called Strike
3-1: Fly out, F7 (Flyball, 78M, EV 93.8 MPH)
Batting: LHB Angelo Estrella 0-0: Ball
1-0: SINGLE (Groundball, 5S, EV 68.8 MPH) (infield hit)
Tony Stedman to second
Batting: RHB J.D. Vander Klok 0-0: Called Strike
0-1: Ball
1-1: Called Strike
1-2: Ground out 1-3 (Groundball, 13S, EV 67.5 MPH)
Top of the 1st over - 1 run, 2 hits, 0 errors, 2 left on base; Miami Beach 1 - Madison 0
BOTTOM OF THE 1ST
Madison Brewers batting - Pitching for Miami Beach Marlins : RHP Pharamond Lestrange
Pitching: RHP Pharamond Lestrange
Batting: RHB Hector Silva 0-0: Ball
1-0: Foul Ball, location: 2F
1-1: Swinging Strike
1-2: Ball
2-2: Foul Ball, location: 2F
2-2: Strikes out swinging
Batting: RHB Chris Fruit 0-0: Ball
1-0: Ball
2-0: Bunted foul
2-1: Fly out, F7 (Flyball, 7LS, EV 89.4 MPH)
Batting: SHB Aaron Neill 0-0: Ground out 5-3 (Groundball, 56, EV 85.0 MPH)
Bottom of the 1st over - 0 runs, 0 hits, 0 errors, 0 left on base; Miami Beach 1 - Madison 0
TOP OF THE 2ND
Miami Beach Marlins batting - Pitching for Madison Brewers : RHP Josh Brakefield
Batting: RHB Tony Ledezma 0-0: Foul Ball, location: 2F
0-1: Foul Ball, location: 2F
0-2: Ball
1-2: Ground out 6-3 (Groundball, 6, EV 77.5 MPH)
Batting: LHB Matt McKeon 0-0: Ball
1-0: Fly out, F4 (Flyball, 4D, EV 90.0 MPH)
Batting: RHB Axel Moltke 0-0: Called Strike
0-1: Ball
1-1: Ball
2-1: Ball
3-1: Foul Ball, location: 2F
3-2: Strikes out swinging
Top of the 2nd over - 0 runs, 0 hits, 0 errors, 0 left on base; Miami Beach 1 - Madison 0
BOTTOM OF THE 2ND
Madison Brewers batting - Pitching for Miami Beach Marlins : RHP Pharamond Lestrange
Batting: SHB Jerry Duffy 0-0: Swinging Strike
0-1: Ball
1-1: Ball
2-1: Called Strike
2-2: Strikes out swinging
Batting: SHB Ramon Perez 0-0: Ball
1-0: Ball
2-0: Ball
3-0: Called Strike
3-1: SINGLE (Groundball, 4D, EV 94.4 MPH)
Batting: SHB C.J. Olivares 0-0: SINGLE (Line Drive, 78S, EV 96.9 MPH)
Ramon Perez to second
Batting: RHB Herb McIntyre 0-0: Called Strike
0-1: Ball
Wild Pitch!
Ramon Perez to third
C.J. Olivares to second
1-1: Foul Ball, location: 2F
1-2: Ball
2-2: Hit by Pitch
Batting: RHB Leo Serrano 0-0: Ball
1-0: Called Strike
1-1: Foul Ball, location: 2F
1-2: Strikes out swinging
Batting: RHB Juan Villanueva 0-0: Ball
1-0: SINGLE (Groundball, 4MD, EV 103.8 MPH)
Ramon Perez scores
C.J. Olivares to third
Herb McIntyre to second
Runner from 3rd tries for Home, SAFE, throw by CF to home
Batting: RHB Hector Silva 0-0: Ball
1-0: Called Strike
1-1: Hit by Pitch
Herb McIntyre to third
Juan Villanueva to second
Batting: RHB Chris Fruit 0-0: Foul Ball, location: 2F
0-1: Ball
1-1: DOUBLE (Flyball, 8LXD, EV 102.5 MPH)
Herb McIntyre scores
Juan Villanueva scores
Hector Silva to third
Runner from 3rd tries for Home, SAFE, no throw by CF
Batting: SHB Aaron Neill 0-0: Called Strike
0-1: Ball
1-1: Swinging Strike
1-2: Foul Ball, location: 2F
1-2: Ball
2-2: Ground out 3-1 (Groundball, 34, EV 81.3 MPH)
Bottom of the 2nd over - 5 runs, 4 hits, 0 errors, 1 left on base; Miami Beach 1 - Madison 5
TOP OF THE 3RD
Miami Beach Marlins batting - Pitching for Madison Brewers : RHP Josh Brakefield
Batting: LHB Eric Bailey 0-0: SINGLE (Line Drive, 6M, EV 93.8 MPH)
Batting: RHB Dale Young 0-0: Called Strike
0-1: Ball
Eric Bailey is caught stealing 2nd base 2-4
1-1: SOLO HOME RUN (Flyball, 7D, EV 97.5 MPH), Distance : 360 ft
Batting: RHB Tony Stedman 0-0: Called Strike
0-1: SINGLE (Line Drive, 4D, EV 99.4 MPH)
Batting: RHB Erik Coleman 0-0: Called Strike
0-1: Swinging Strike
0-2: Ball
1-2: Foul Ball, location: 2F
1-2: Ball
2-2: Foul Ball, location: 2F
2-2: Ball
3-2: Fly out, F4 (Popup, 4D, EV 68.8 MPH)
Batting: LHB Angelo Estrella 0-0: Ball
1-0: Foul Ball, location: 2F
1-1: Fly out, F3 (Line Drive, 3, EV 71.3 MPH)
Top of the 3rd over - 1 run, 3 hits, 0 errors, 1 left on base; Miami Beach 2 - Madison 5
BOTTOM OF THE 3RD
Madison Brewers batting - Pitching for Miami Beach Marlins : RHP Pharamond Lestrange
Batting: SHB Jerry Duffy 0-0: Foul Ball, location: 2F
0-1: Foul Ball, location: 2F
0-2: Ball
1-2: Foul Ball, location: 2F
1-2: Ball
2-2: Ground out 5-3 (Groundball, 56S, EV 78.8 MPH)
Batting: SHB Ramon Perez 0-0: Foul Ball, location: 2F
0-1: Foul Ball, location: 2F
0-2: Strikes out swinging
Batting: SHB C.J. Olivares 0-0: Ball
1-0: Called Strike
1-1: Ball
2-1: Fly out, F5 (Popup, 56, EV 66.3 MPH)
Bottom of the 3rd over - 0 runs, 0 hits, 0 errors, 0 left on base; Miami Beach 2 - Madison 5
TOP OF THE 4TH
Miami Beach Marlins batting - Pitching for Madison Brewers : RHP Josh Brakefield
Batting: RHB J.D. Vander Klok 0-0: DOUBLE (Flyball, 89XD, EV 106.9 MPH)
Batting: RHB Tony Ledezma 0-0: Called Strike
0-1: Ball
1-1: Ball
2-1: Ball
3-1: Foul Ball, location: 2F
3-2: Base on Balls
Batting: LHB Matt McKeon 0-0: Ball
1-0: Called Strike
1-1: Swinging Strike
1-2: Foul Ball, location: 2F
1-2: Foul Ball, location: 2F
1-2: Ball
2-2: Ball
3-2: Fielders Choice at 2nd, 4-6 (Groundball, 4M, EV 99.4 MPH)
J.D. Vander Klok to third
Batting: RHB Axel Moltke 0-0: Called Strike
0-1: Ball
1-1: Foul Ball, location: 2F
1-2: Ball
2-2: Ball
3-2: Strikes out swinging
Batting: LHB Eric Bailey 0-0: Called Strike
0-1: Called Strike
0-2: Ball
1-2: Ball
2-2: Ball
3-2: Ground out 6-3 (Groundball, 6D, EV 85.0 MPH)
Top of the 4th over - 0 runs, 1 hit, 0 errors, 2 left on base; Miami Beach 2 - Madison 5
BOTTOM OF THE 4TH
Madison Brewers batting - Pitching for Miami Beach Marlins : RHP Pharamond Lestrange
Batting: RHB Herb McIntyre 0-0: Ball
1-0: Ball
2-0: Ball
3-0: Called Strike
3-1: Base on Balls
Batting: RHB Leo Serrano 0-0: Foul Ball, location: 2F
0-1: Fly out, F4 (Line Drive, 4, EV 75.6 MPH)
Batting: RHB Juan Villanueva 0-0: Ball
1-0: Swinging Strike
1-1: Foul Ball, location: 2F
1-2: Foul Ball, location: 2F
1-2: Fly out, F7 (Flyball, 7, EV 96.3 MPH)
Batting: RHB Hector Silva 0-0: Ball
1-0: Ball
2-0: Ball
3-0: Called Strike
3-1: SINGLE (Line Drive, 34, EV 110.0 MPH)
Herb McIntyre to second
Pitching: RHP Alberto Negrete
Batting: RHB Chris Fruit 0-0: Called Strike
0-1: Ball
1-1: Foul Ball, location: 2F
1-2: Strikes out looking
Bottom of the 4th over - 0 runs, 1 hit, 0 errors, 2 left on base; Miami Beach 2 - Madison 5
TOP OF THE 5TH
Miami Beach Marlins batting - Pitching for Madison Brewers : RHP Josh Brakefield
Batting: RHB Dale Young 0-0: Ball
1-0: Swinging Strike
1-1: Called Strike
1-2: Ball
2-2: Foul Ball, location: 2F
2-2: Strikes out swinging
Batting: RHB Tony Stedman 0-0: Ball
1-0: Swinging Strike
1-1: Ball
2-1: Foul Ball, location: 2F
2-2: Ball
3-2: Base on Balls
Batting: RHB Erik Coleman 0-0: Ball
Tony Stedman steals 2nd base
1-0: Called Strike
1-1: Called Strike
1-2: Fly out, F7 (Flyball, 78D, EV 103.1 MPH)
Batting: LHB Angelo Estrella 0-0: Called Strike
0-1: Ball
1-1: SINGLE (Groundball, 5D, EV 97.5 MPH)
Tony Stedman to third
Runner from 3rd tries for Home, SAFE, throw by LF to home
Batting: RHB J.D. Vander Klok 0-0: TRIPLE (Line Drive, 89XD, EV 106.3 MPH)
Angelo Estrella scores
Batting: RHB Tony Ledezma 0-0: Ball
1-0: Called Strike
1-1: Ball
2-1: Ball
3-1: Fly out, F4 (Popup, 4MD, EV 52.5 MPH)
Top of the 5th over - 2 runs, 2 hits, 0 errors, 1 left on base; Miami Beach 4 - Madison 5
BOTTOM OF THE 5TH
Madison Brewers batting - Pitching for Miami Beach Marlins : RHP Alberto Negrete
Batting: SHB Aaron Neill 0-0: Foul Ball, location: 2F
0-1: SINGLE (Line Drive, 9S, EV 95.0 MPH)
Batting: SHB Jerry Duffy 0-0: Called Strike
0-1: Foul Ball, location: 2F
0-2: Fly out, F5 (Popup, 56S, EV 81.3 MPH)
Batting: SHB Ramon Perez 0-0: Ball
Aaron Neill is caught stealing 2nd base 2-6
1-0: Foul Ball, location: 2F
1-1: Foul Ball, location: 2F
1-2: Ball
2-2: Ball
3-2: Strikes out looking
Bottom of the 5th over - 0 runs, 1 hit, 0 errors, 0 left on base; Miami Beach 4 - Madison 5
TOP OF THE 6TH
Miami Beach Marlins batting - Pitching for Madison Brewers : RHP Josh Brakefield
Batting: LHB Matt McKeon 0-0: Ball
1-0: Foul Ball, location: 2F
1-1: Ball
2-1: Swinging Strike
2-2: SINGLE (Line Drive, 78M, EV 98.1 MPH)
Batting: RHB Axel Moltke 0-0: Called Strike
0-1: Ball
Matt McKeon is caught stealing 2nd base 2-4
1-1: Ball
2-1: Foul Ball, location: 2F
2-2: Foul Ball, location: 2F
2-2: Strikes out swinging
Batting: LHB Eric Bailey 0-0: Ball
1-0: Ball
2-0: Foul Ball, location: 2F
2-1: Ball
3-1: Called Strike
3-2: Ground out 6-3 (Groundball, 6S, EV 81.9 MPH)
Top of the 6th over - 0 runs, 1 hit, 0 errors, 0 left on base; Miami Beach 4 - Madison 5
BOTTOM OF THE 6TH
Madison Brewers batting - Pitching for Miami Beach Marlins : RHP Alberto Negrete
Batting: SHB C.J. Olivares 0-0: Ball
1-0: Ground out 6-3 (Groundball, 6M, EV 81.3 MPH)
Batting: RHB Herb McIntyre 0-0: Fly out, F8 (Flyball, 8LS, EV 77.5 MPH)
Batting: RHB Leo Serrano 0-0: Swinging Strike
0-1: Foul Ball, location: 2F
0-2: Ball
1-2: Strikes out looking
Bottom of the 6th over - 0 runs, 0 hits, 0 errors, 0 left on base; Miami Beach 4 - Madison 5
TOP OF THE 7TH
Miami Beach Marlins batting - Pitching for Madison Brewers : RHP Josh Brakefield
Pitching: LHP Tim Phillips
Now in RF: Cameron Rattenbury
Batting: RHB Dale Young 0-0: Called Strike
0-1: Fly out, F8 (Flyball, 8RD, EV 81.3 MPH)
Batting: RHB Tony Stedman 0-0: Called Strike
0-1: Ball
1-1: Ball
2-1: Foul Ball, location: 2F
2-2: Strikes out swinging
Batting: RHB Erik Coleman 0-0: Foul Ball, location: 2F
0-1: Ball
1-1: Ball
2-1: Fly out, F9 (Line Drive, 9D, EV 94.4 MPH)
Top of the 7th over - 0 runs, 0 hits, 0 errors, 0 left on base; Miami Beach 4 - Madison 5
BOTTOM OF THE 7TH
Madison Brewers batting - Pitching for Miami Beach Marlins : RHP Alberto Negrete
Pitching: RHP Pat Siebert
Batting: RHB Juan Villanueva 0-0: Ball
1-0: Called Strike
1-1: Ball
2-1: Foul Ball, location: 2F
2-2: SINGLE (Groundball, 4MD, EV 104.4 MPH)
Batting: RHB Hector Silva 0-0: Called Strike
0-1: Sac Bunt to 25 - play at first, batter OUT! 5-4
Juan Villanueva to second
Batting: RHB Chris Fruit 0-0: Ball
1-0: Called Strike
1-1: Ball
2-1: Ball
3-1: Called Strike
3-2: Foul Ball, location: 2F
3-2: Strikes out swinging
Batting: SHB Aaron Neill 0-0: Called Strike
0-1: TRIPLE (Flyball, 89XD, EV 99.4 MPH)
Juan Villanueva scores
Batting: RHB Cameron Rattenbury 0-0: Called Strike
0-1: Ball
1-1: Ball
2-1: Ball
3-1: Base on Balls
Batting: SHB Ramon Perez 0-0: Ball
1-0: Called Strike
1-1: Ball
2-1: Foul Ball, location: 2F
2-2: Foul Ball, location: 2F
2-2: Ball
3-2: Strikes out swinging
Bottom of the 7th over - 1 run, 2 hits, 0 errors, 2 left on base; Miami Beach 4 - Madison 6
TOP OF THE 8TH
Miami Beach Marlins batting - Pitching for Madison Brewers : LHP Tim Phillips
Pitching: RHP Omar Morales
Now in CF: Alfredo Sena
Batting: LHB Angelo Estrella 0-0: Called Strike
0-1: Swinging Strike
0-2: Ball
1-2: Strikes out swinging
Batting: RHB J.D. Vander Klok 0-0: Foul Ball, location: 2F
0-1: Ball
1-1: Called Strike
1-2: Ball
2-2: DOUBLE (Line Drive, 7LS, EV 113.1 MPH)
Batting: RHB Tony Ledezma 0-0: Foul Ball, location: 2F
0-1: Ball
1-1: Ball
2-1: Ball
3-1: Base on Balls
Batting: LHB Matt McKeon 0-0: Ball
1-0: Ball
2-0: Ball
3-0: Called Strike
3-1: Base on Balls
J.D. Vander Klok to third
Tony Ledezma to second
Batting: RHB Axel Moltke 0-0: Foul Ball, location: 2F
0-1: Ball
1-1: Swinging Strike
1-2: Fly out, F7 (Flyball, 7, EV 78.1 MPH)
Batting: LHB Eric Bailey 0-0: Foul Ball, location: 2F
0-1: Ball
1-1: Swinging Strike
1-2: Strikes out swinging
Top of the 8th over - 0 runs, 1 hit, 0 errors, 3 left on base; Miami Beach 4 - Madison 6
BOTTOM OF THE 8TH
Madison Brewers batting - Pitching for Miami Beach Marlins : RHP Pat Siebert
Pitching: RHP Jorge Lara
Batting: SHB C.J. Olivares 0-0: Ball
1-0: Ground out 6-3 (Groundball, 6, EV 81.9 MPH)
Batting: RHB Herb McIntyre 0-0: DOUBLE (Line Drive, 7LM, EV 112.5 MPH)
Batting: RHB Leo Serrano 0-0: Ball
1-0: Ball
2-0: Foul Ball, location: 2F
2-1: Swinging Strike
2-2: Strikes out swinging
Batting: RHB Juan Villanueva 0-0: Called Strike
0-1: Fly out, F8 (Flyball, 89XD, EV 103.1 MPH)
Bottom of the 8th over - 0 runs, 1 hit, 0 errors, 1 left on base; Miami Beach 4 - Madison 6
TOP OF THE 9TH
Miami Beach Marlins batting - Pitching for Madison Brewers : RHP Omar Morales
Pitching: RHP Joe Gonzales
Batting: RHB Dale Young 0-0: Ball
1-0: Ball
2-0: Ball
3-0: Called Strike
3-1: Fly out, F8 (Flyball, 8RS, EV 84.4 MPH)
Batting: RHB Tony Stedman 0-0: Swinging Strike
0-1: Ball
1-1: Foul Ball, location: 2F
1-2: Strikes out swinging
Batting: RHB Erik Coleman 0-0: SINGLE (Groundball, 25, EV 73.8 MPH) (infield hit)
Batting: LHB Angelo Estrella 0-0: Fly out, F8 (Flyball, 8LXD, EV 103.1 MPH)
Top of the 9th over - 0 runs, 1 hit, 0 errors, 1 left on base; Miami Beach 4 - Madison 6
Thursday, March 31st , 2022 - OOTP Baseball 22.12 Build 89